 Dungeon Crawl Stone Soup version 0.18.1-8-gdd0e5ea (webtiles) character file.

1333 nikopol the Skirmisher (level 8, -17/73 HPs)
             Began as a Minotaur Fighter on May 23, 2016.
             Was a Follower of Okawaru.
             Demolished by a hill giant
             ... wielding a +0 giant club
              (28 damage)
             ... on level 7 of the Dungeon.
             The game lasted 00:16:22 (5886 turns).

nikopol the Skirmisher (Minotaur Fighter)           Turns: 5886, Time: 00:16:23

Health: -17/73     AC: 11    Str: 26    XL:     8   Next: 34%
Magic:  7/7        EV:  8    Int:  9    God:    Okawaru [*.....]
Gold:   200        SH: 12    Dex: 12    Spells: 0 memorised, 7 levels left

rFire  . . .     SeeInvis .     a - +1 trident
rCold  . . .     Gourm    .     b - +0 scale mail
rNeg   . . .     Faith    .     c - +1 shield
rPois  .         Spirit   .     (helmet restricted)
rElec  .         Dismiss  +     (no cloak)
rCorr  .         Reflect  .     G - +2 pair of gloves
SustAt .         Harm     .     (no boots)
MR     .....                    q - amulet of dismissal
Stlth  ..........               (no ring)
                                C - +4 ring of intelligence

@: mighty, not resistant to hostile enchantments, extremely unstealthy
A: retaliatory headbutt, horns 2
a: Heroism, Renounce Religion


You were on level 7 of the Dungeon.
You worshipped Okawaru.
Okawaru was aware of your devotion.
You were not hungry.

You visited 2 branches of the dungeon, and saw 8 of its levels.
You also visited: Ossuary.

You collected 323 gold pieces.
You spent 123 gold pieces at shops.

Inventory:

Hand Weapons
 a - a +1 trident (weapon)
Armour
 b - a +0 scale mail (worn)
 c - a +1 shield (worn)
 G - a +2 pair of gloves (worn)
Jewellery
 q - an amulet of dismissal (around neck)
 C - a +4 ring of intelligence (left hand)
Wands
 l - a wand of digging (5/24)
 y - a wand of teleportation (6/9)
Scrolls
 g - 5 scrolls of remove curse
 h - a scroll of identify
 j - 3 scrolls of teleportation
 o - a scroll of enchant armour
 s - a scroll of vulnerability {unknown}
 u - 2 scrolls of fog {unknown}
 z - 3 scrolls of blinking
 B - 2 scrolls of fear
 E - 4 scrolls of enchant weapon
 H - a scroll of magic mapping {unknown}
Potions
 e - 3 potions of brilliance
 i - 3 potions of agility
 k - 2 potions of haste
 m - 3 potions of flight
 n - 3 potions of curing
 p - 3 potions of cancellation
 w - a potion of heal wounds
 D - a potion of cure mutation
 F - a potion of berserk rage
Miscellaneous
 r - a plain deck of changes
Comestibles
 d - a meat ration
 f - 7 bread rations
 v - 3 fruits
 x - 4 chunks of flesh
 A - a slice of pizza
 I - a beef jerky


   Skills:
 + Level 7.2 Fighting
 + Level 6.6 Polearms
 + Level 7.2 Armour
 + Level 6.7 Shields


You had 7 spell levels left.
You didn't know any spells.

Dungeon Overview and Level Annotations

Branches:
Dungeon (7/15)             Temple (1/1) D:5

Altars:
Ashenzari
Cheibriados
Elyvilon
Fedhas
Gozag
Kikubaaqudgha
Makhleb
Nemelex Xobeh
Okawaru
Pakellas
Qazlal
Ru
Sif Muna
Trog
Vehumet
Xom
Yredelemnul
Zin
The Shining One

Shops:
D:3 *   D:5 ?   D:6 :[   D:7 (


Innate Abilities, Weirdness & Mutations

You reflexively headbutt those who attack you in melee.
You have a pair of horns on your head.


Message History

Your headbutt misses the hill giant.
The hill giant is lightly wounded.
The hill giant hits you with a giant club!!
You hit the phantom.
The phantom is severely damaged.
The phantom blinks!
You see here a stone.
You puncture the hill giant!
The hill giant is moderately wounded.
The hill giant hits you with a giant club!!
* * * LOW HITPOINT WARNING * * *
Some of the chunks of flesh in your inventory have rotted away.
Drink which item? (? for menu, Esc to quit)
You feel very mighty all of a sudden.
The hill giant hits you with a giant club.
* * * LOW HITPOINT WARNING * * *
You puncture the hill giant! You headbutt the hill giant!!
The hill giant is almost dead.
The hill giant hits you with a giant club!!
You die...

#........ #........
####### #........ .......
####.....∩.. .......
............ .......
###......... .......
#.....)...
.......##########........
#....WC@((()(.........##
#.....##############))...
#.... ##########.....
#... ..........).... #..
>............?. #.
######.##..(.. #
#.##..... ###'##.....
#....†..##.


You could see a hill giant and a phantom.

Vanquished Creatures
  Menkaure (D:4)
  2 ogres (D:7)
  A giant frog (D:6)
  2 crimson imps
  2 orc priests (D:6)
  2 centaur skeletons
  6 hounds
  2 giant frog skeletons (D:7)
  Terence (D:2)
  An iguana (D:4)
  5 orc wizards
  2 worker ants
  A big kobold zombie (Ossuary)
  5 mummies (Ossuary)
  15 adders
  A river rat (D:4)
  2 worms
  A dart slug (D:1)
  3 giant geckos
  22 orcs
  4 ball pythons
  7 giant cockroaches
  2 gnoll zombies (Ossuary)
  3 goblins
  6 hobgoblins
  6 kobolds
  4 quokkas
  7 bats
  4 giant newts
  2 goblin zombies (Ossuary)
  A hobgoblin zombie (Ossuary)
  A jackal skeleton (D:6)
  A jackal zombie (D:6)
  A kobold zombie (Ossuary)
  An orc zombie (Ossuary)
  A quokka skeleton (D:7)
  10 rats
138 creatures vanquished.

Notes
Turn   | Place    | Note
--------------------------------------------------------------
     0 | D:1      | nikopol the Minotaur Fighter began the quest for the Orb.
     0 | D:1      | Reached XP level 1. HP: 19/19 MP: 0/0
   220 | D:1      | Reached XP level 2. HP: 26/27 MP: 1/1
   764 | D:2      | Reached XP level 3. HP: 29/33 MP: 2/2
  1163 | D:2      | Reached XP level 4. HP: 29/40 MP: 3/3
  1435 | D:2      | Noticed Terence
  1444 | D:2      | Killed Terence
  1561 | D:2      | Found a burning altar of Makhleb.
  1777 | D:3      | Found an oddly glowing altar of Pakellas.
  1837 | D:3      | Reached XP level 5. HP: 47/47 MP: 4/4
  1859 | D:3      | Found an opulent altar of Gozag.
  1871 | D:3      | Found Gozag's Platinum Reserve.
  1872 | D:3      | Found a glowing silver altar of Zin.
  1910 | D:3      | Found a sparkling altar of Nemelex Xobeh.
  1920 | D:3      | Found a blossoming altar of Fedhas.
  1927 | D:3      | Found a bloodstained altar of Trog.
  1928 | D:3      | Found an oddly glowing altar of Pakellas.
  1928 | D:3      | Found a stormy altar of Qazlal.
  1930 | D:3      | Found a snail-covered altar of Cheibriados.
  2207 | D:4      | Found a sand-covered staircase.
  2215 | Ossuary  | Entered an ossuary
  2233 | Ossuary  | Reached skill level 5 in Armour
  2272 | Ossuary  | HP: 2/47 [mummy (14)]
  2277 | Ossuary  | Reached skill level 5 in Fighting
  2765 | D:4      | Reached XP level 6. HP: 48/56 MP: 5/5
  2816 | D:4      | Reached skill level 5 in Shields
  3346 | D:4      | Noticed Menkaure
  3356 | D:4      | Killed Menkaure
  3356 | D:4      | Reached skill level 5 in Polearms
  3379 | D:4      | Reached XP level 7. HP: 21/62 MP: 6/6
  3651 | D:5      | Entered Level 5 of the Dungeon
  3678 | D:5      | Found a sacrificial altar of Ru.
  3815 | D:5      | Found Dacut's Magic Scroll Shoppe.
  3837 | D:5      | Bought a scroll of enchant weapon for 97 gold pieces
  3837 | D:5      | Bought a scroll of identify for 26 gold pieces
  3854 | D:5      | Found a glowing golden altar of the Shining One.
  3929 | D:5      | Found a staircase to the Ecumenical Temple.
  4095 | Temple   | Entered the Ecumenical Temple
  4122 | Temple   | Became a worshipper of Warmaster Okawaru
  4751 | D:6      | Found a shimmering altar of Xom.
  4847 | D:6      | Found Bymihez's Armour Boutique.
  4972 | D:6      | Found Orchai's Book Emporium.
  5324 | D:6      | Reached * piety under Okawaru
  5344 | D:7      | Reached XP level 8. HP: 65/71 MP: 7/7
  5469 | D:7      | Found a glowing golden altar of the Shining One.
  5596 | D:7      | Found Leczasm's Antique Weapon Boutique.
  5879 | D:7      | Noticed a hill giant
  5886 | D:7      | Demolished by a hill giant

Skill      XL: |  1  2  3  4  5  6  7  8 |
---------------+-------------------------+-----
Fighting       | 4 5 6 7 |  7.2
Armour         | 4 5 6 7 |  7.2
Shields        | 4 5 6 |  6.7
Polearms       | 3 4 5 6 |  6.6

Action                   |  1- 3 |  4- 6 |  7- 9 || total
-------------------------+-------+-------+-------++-------
Melee: Trident           |   108 |   158 |   177 ||   443
       Headbutt          |    10 |    37 |    33 ||    80
  Use: Scroll            |       |     8 |    13 ||    21
       Potion            |       |     2 |     1 ||     3
  Eat: Chunk             |     1 |     5 |     9 ||    15
       Pizza             |       |     1 |       ||     1
Armor: Scale mail        |    25 |    38 |    79 ||   142
Dodge: Dodged            |    23 |    39 |    58 ||   120
Block: Shield            |    34 |    49 |    82 ||   165
